 Dungeon Crawl Stone Soup version 0.19-a0-1931-gf4bb0bd (webtiles) character file.

14825 Leibowitz the Impaler (level 12, -3/97 HPs)
             Began as a Merfolk Gladiator on Oct 24, 2016.
             Was an Initiate of Gozag.
             Slain by an ogre
             ... wielding a +0 giant club
              (18 damage)
             ... while paralysed by an orc sorcerer
             ... on level 2 of the Orcish Mines on Oct 25, 2016.
             The game lasted 00:52:46 (13399 turns).

Leibowitz the Impaler (Merfolk Gladiator)          Turns: 13399, Time: 00:52:46

Health: -3/97      AC: 12    Str: 28    XL:     12   Next: 20%
Magic:  12/12      EV:  2    Int:  7    God:    Gozag
Gold:   2484       SH:  0    Dex: 18    Spells: 1 memorised, 10 levels left

rFire  + + .     SeeInvis .     W - +0 glaive
rCold  . . .     Gourm    .     B - +3 leather armour {rF+}
rNeg   . . .     Faith    .     (shield currently unavailable)
rPois  .         Spirit   .     c - +1 helmet
rElec  .         Reflect  .     J - +0 cloak {rF+}
rCorr  .         Harm     .     L - +2 pair of gloves
MR     .....                    (no boots)
Stlth  ++++......               C - amulet of regeneration
                                l - +5 ring of strength
                                O - +6 ring of strength (curse)

@: paralysed, about to teleport, very slightly contaminated, hasted, drained
A: change form in water, swift swim, stealthy swim
a: Potion Petition, Call Merchant, Bribe Branch, Renounce Religion


You were on level 2 of the Orcish Mines.
You worshipped Gozag.
Gozag was most pleased with you.
You were very hungry.

You visited 4 branches of the dungeon, and saw 14 of its levels.
You also visited: Sewer and Volcano.

You collected 2614 gold pieces.
You paid 130 gold pieces to Gozag.

Inventory:

Hand Weapons
 a - a +1 trident
 b - a +0 blowgun
 h - a cursed -1 trident
 P - a +0 great sword of flaming
 W - a +0 glaive (weapon)
Missiles
 g - 29 poisoned needles
 D - 4 needles of paralysis
 U - a throwing net (quivered)
Armour
 c - a +1 helmet (worn)
 B - a +3 leather armour of fire resistance (worn)
 H - a +3 leather armour of poison resistance
 J - a +0 cloak of fire resistance (worn)
 L - a +2 pair of gloves (worn)
Jewellery
 l - a +5 ring of strength (right hand)
 n - an uncursed ring of protection from magic
 t - an uncursed ring of protection from fire
 C - an amulet of regeneration (around neck)
 O - a cursed +6 ring of strength (left hand)
Wands
 j - a wand of iceblast (4/15)
 s - a wand of iceblast (7/15)
 v - a wand of flame (20/48)
 z - a wand of digging (9/24)
 F - a wand of random effects (38/48)
 G - a wand of iceblast (7/15)
 N - a wand of paralysis (11/24)
 Q - a wand of iceblast (7/15)
Scrolls
 e - 4 scrolls of remove curse
 i - 7 scrolls of identify
 o - a scroll of enchant weapon
 p - 3 scrolls of fog
 q - a scroll of recharging
 u - 4 scrolls of teleportation
 y - a scroll of amnesia
 E - 3 scrolls of enchant armour
 R - a scroll of vulnerability {unknown}
 T - a scroll of holy word {unknown}
 X - a scroll of brand weapon {unknown}
Potions
 d - a potion of lignification
 k - 2 potions of might
 r - a potion of heal wounds
 w - 4 potions of brilliance
 x - 4 potions of curing
 A - 2 potions of magic
 K - a potion of resistance
 M - a potion of agility
Books
 I - a book of Cantrips

   Spells                             Type                      Level
   a - Confusing Touch                Hexes                        1
   b - Animate Skeleton               Necromancy                   1
   c - Summon Small Mammal            Summoning                    1
   d - Apportation                    Translocation                1
Comestibles
 f - 7 bread rations
 m - 6 meat rations
 V - 3 beef jerkies


   Skills:
 + Level 9.9(9.3) Fighting
 + Level 17.0(16.3) Polearms
 + Level 4.8(4.3) Throwing
 + Level 3.9(3.5) Armour
 + Level 10.0(9.5) Dodging
 + Level 8.2(7.7) Stealth
 + Level 1.0(0.5) Evocations


You had 10 spell levels left.
You knew the following spells:

 Your Spells              Type           Power        Failure   Level  Hunger
a - Confusing Touch       Hex            #.....       54%         1    ##.....


Dungeon Overview and Level Annotations

Branches:
Dungeon (10/15)            Temple (1/1) D:6            Lair (1/6) D:9
    Orc (2/2) D:10            Elf (0/3) Orc:2

Altars:
Ashenzari
Cheibriados
Dithmenos
Elyvilon
Fedhas
Gozag
Hepliaklqana
Kikubaaqudgha
Makhleb
Nemelex Xobeh
Okawaru
Qazlal
Ru
Sif Muna
Trog
Uskayaw
Vehumet
Xom
Yredelemnul
Zin
The Shining One

Shops:
D:4 *   D:5 :

Annotations:
D:4 mushki's ghost, novice DDFi


Message History

The orc priest invokes the aid of Beogh against you.
Beogh smites you! The chaos spawn gores you!
You feel yourself speed up.
You are very lightly contaminated with residual magic.
The orc sorcerer hits you but does no damage.
You feel drained.
The orc priest hits you but does no damage.
The ogre hits you but does no damage.
The orange demon stings you but does no damage.
The chaos spawn hits you!
* * * LOW HITPOINT WARNING * * *
You feel strangely unstable. The orc sorcerer casts a spell at you.
You shrug off the repeated paralysis!
The orc priest hits you with a short sword.
* * * LOW HITPOINT WARNING * * *
The orange demon stings you but does no damage.
The ogre hits you with a giant club!!
You die...
Your body crumbles into a pile of gold.

.................)...#......#
.#............#.)))..$.....#*
##..................##.#.###
.....................#####
.....#..........##...$#*
...#.....).....####....#
,........#.#....####..##
,.........###.44#O#####
,..........##.4o@..#
*####.....#.#..o..##
,,**##..#.......#.#*
,,,,*#.............*
,,,,,#..........#.##
,,,O........#...###
,,,O.......##$..#*
,,,..#..#........#
,,,.##......,,,.##


You could see an orange demon, 2 chaos spawn, an orc sorcerer, an ogre and an
orc priest.

Vanquished Creatures
  3 wizards (Volcano)
  2 hill giants (D:10)
  2 orc sorcerers
  An ugly thing (D:10)
  A black mamba (D:9)
  Joseph (D:7)
  4 toenail golems (Volcano)
  A komodo dragon (D:9)
  2 trolls (Orc:1)
  A hippogriff (D:8)
  2 wyverns
  A hungry ghost (D:9)
  Menkaure (D:7)
  Duvessa (D:5)
  2 water moccasins (D:10)
  9 orc warriors
  3 ice beasts
  4 phantoms
  2 sky beasts
  A necrophage (D:10)
  8 ogres
  2 centaurs
  3 crocodiles
  A big kobold (D:9)
  11 bullfrogs
  3 scorpions
  A water moccasin skeleton (D:8)
  Dowan (D:5)
  9 killer bees
  7 wights
  5 howler monkeys
  3 crimson imps
  A jelly (D:9)
  2 bullfrog zombies
  5 hounds
  Crazy Yiuf (D:7)
  A centaur zombie (D:7)
  13 orc priests
  3 iguanas (D:10)
  18 orc wizards
  Natasha (thrice) (D:3)
  2 bullfrog skeletons
  Ijyb (D:2)
  9 worker ants
  A hound skeleton (D:4)
  A hound zombie (D:9)
  A worker ant zombie (D:9)
  14 gnolls
  2 river rats (Sewer)
  13 adders
  A shadow imp (D:9)
  2 adder zombies
  2 worms
  A dart slug (D:1)
  10 leopard geckos
  74 orcs
  7 giant cockroaches
  8 goblins
  7 hobgoblins
  9 jackals
  7 kobolds
  5 quokkas
  11 ball pythons
  8 bats
  6 frilled lizards
  A leopard gecko zombie (D:5)
  30 rats
  A plant (D:9)
379 creatures vanquished.

Vanquished Creatures (others)
  A dancing weapon (Volcano)
1 creature vanquished.

Grand Total: 380 creatures vanquished

Notes
Turn   | Place    | Note
-------+----------+-------------------------------------------
     0 | D:1      | Leibowitz the Merfolk Gladiator began the quest for the Orb.
     0 | D:1      | Reached XP level 1. HP: 16/16 MP: 1/1
   107 | D:1      | Reached XP level 2. HP: 20/22 MP: 2/2
   265 | D:1      | Reached skill level 5 in Polearms
   348 | D:1      | Reached XP level 3. HP: 28/28 MP: 3/3
  1130 | D:2      | Noticed Ijyb
  1145 | D:2      | Killed Ijyb
  1145 | D:2      | Reached XP level 4. HP: 27/34 MP: 4/4
  1620 | D:3      | Reached skill level 1 in Stealth
  1756 | D:3      | Noticed a phantom
  1844 | D:3      | Found a glowing drain.
  1848 | Sewer    | Entered a sewer
  2094 | Sewer    | Reached skill level 1 in Armour
  2258 | Sewer    | Reached skill level 6 in Polearms
  2258 | Sewer    | Reached XP level 5. HP: 32/40 MP: 5/5
  2809 | Sewer    | Reached skill level 5 in Dodging
  2903 | Sewer    | Reached XP level 6. HP: 13/47 MP: 6/6
  3302 | D:3      | Killed a phantom
  3302 | D:3      | Reached skill level 7 in Polearms
  3379 | D:3      | Reached XP level 7. HP: 52/52 MP: 7/7
  3538 | D:3      | Noticed Natasha
  3556 | D:3      | Killed Natasha
  3700 | D:3      | Noticed Natasha
  3713 | D:3      | Killed Natasha
  4264 | D:4      | Reached skill level 8 in Polearms
  4451 | D:4      | Found Pajoewaa's General Store.
  4451 | D:4      | Noticed mushki's ghost (novice DDFi)
  4581 | D:3      | Noticed Natasha
  4588 | D:3      | Killed Natasha
  5115 | D:4      | Reached XP level 8. HP: 53/61 MP: 8/8
  5143 | D:4      | Reached skill level 9 in Polearms
  5255 | D:5      | Entered Level 5 of the Dungeon
  5949 | D:5      | Noticed Duvessa
  5953 | D:5      | Noticed Dowan
  5960 | D:5      | Killed Dowan
  5967 | D:5      | Reached skill level 5 in Fighting
  5979 | D:5      | Killed Duvessa
  6045 | D:5      | Reached skill level 10 in Polearms
  6590 | D:5      | Reached XP level 9. HP: 63/69 MP: 9/9
  6692 | D:5      | Reached skill level 11 in Polearms
  6854 | D:5      | Found Yteteynu's Book Shop.
  7128 | D:6      | Found a staircase to the Ecumenical Temple.
  7162 | Temple   | Entered the Ecumenical Temple
  7316 | Temple   | Became a worshipper of Gozag Ym Sagoz the Greedy
  7510 | D:6      | Identified the Grimoire of Flight
  8399 | D:7      | Noticed Joseph
  8432 | D:7      | Killed Joseph
  8432 | D:7      | Reached skill level 12 in Polearms
  9030 | D:7      | Reached XP level 10. HP: 79/79 MP: 10/10
  9044 | D:7      | Reached skill level 5 in Stealth
  9051 | D:7      | Noticed Menkaure
  9095 | D:7      | Killed Menkaure
  9102 | D:7      | Reached skill level 13 in Polearms
  9176 | D:7      | Learned a level 1 spell: Confusing Touch
  9205 | D:7      | Found a runed door.
  9460 | D:7      | Noticed Crazy Yiuf
  9466 | D:7      | Killed Crazy Yiuf
  9565 | D:8      | Reached skill level 1 in Evocations
 10009 | D:8      | Found a shadowy altar of Dithmenos.
 10435 | D:9      | Found a staircase to the Lair.
 10515 | Lair:1   | Entered Level 1 of the Lair of Beasts
 10530 | Lair:1   | Noticed a black mamba
 10542 | D:9      | Killed a black mamba
 10945 | D:9      | Reached skill level 14 in Polearms
 11230 | D:10     | Entered Level 10 of the Dungeon
 11405 | D:10     | Reached XP level 11. HP: 65/86 MP: 11/11
 11554 | D:10     | Noticed a hill giant
 11569 | D:10     | Killed a hill giant
 11655 | D:10     | Noticed a green ugly thing
 11663 | D:10     | Killed a green ugly thing
 11851 | D:10     | Reached skill level 15 in Polearms
 11857 | D:10     | Noticed a hill giant
 11870 | D:10     | Killed a hill giant
 11934 | D:10     | Found a staircase to the Orcish Mines.
 12258 | Orc:1    | Entered Level 1 of the Orcish Mines
 12268 | Orc:1    | Noticed an orc sorcerer
 12277 | Orc:1    | Noticed a sixfirhy
 12288 | Orc:1    | Killed an orc sorcerer
 12452 | Orc:2    | Entered Level 2 of the Orcish Mines
 12469 | Orc:2    | Noticed an orc sorcerer
 12651 | Orc:2    | Killed an orc sorcerer
 12671 | Orc:2    | Found a staircase to the Elven Halls.
 12722 | Orc:2    | Found a dark tunnel.
 12732 | Volcano  | Entered a volcano
 12738 | Volcano  | Noticed a wizard
 12748 | Volcano  | Reached skill level 16 in Polearms
 12762 | Volcano  | Killed a wizard
 12842 | Volcano  | Noticed a wizard
 12844 | Volcano  | Killed a wizard
 12856 | Volcano  | Noticed a wizard
 12870 | Volcano  | Killed a wizard
 12870 | Volcano  | Reached XP level 12. HP: 71/96 MP: 12/12
 12981 | Volcano  | Reached skill level 10 in Dodging
 13353 | Orc:2    | Reached skill level 17 in Polearms
 13396 | Orc:2    | Paralysed by an orc sorcerer for 4 turns
 13399 | Orc:2    | Slain by an ogre

Vault maps used:
D:1:      eino_arrival_druids_welcome, corexii_corridor_pit, minmay_pentomino_x2
D:2:      first_bread, hex_medium, grunt_ministairs_8, uniq_iyjb
D:3:      gup_sewer_entry_bowl, uniq_natasha
D:4:      serial_shops, shop
D:5:      serial_shops, shop, serial_bayou_lagoon_a, grunt_decor_fettered,
          uniq_duvessa
D:7:      minmay_misc_feat_cross, uniq_menkaure, uniq_crazy_yiuf_cottage,
          uniq_joseph
D:8:      basic_altar
D:9:      david_lair_shrubbed, grunt_ogre_cave, stair_cage_cross
D:10:     hiddenorc1_lemuel
Temple:   kilobyte_greek_temple
Lair:1:   grunt_megastairs_4
Orc:2:    st_orc_ogre_mass, nicolae_volcano_entry_two_sided
Sewer:    sewer_minmay_w
Volcano:  volcano_bunker

Skill      XL: |  1  2  3  4  5  6  7  8  9 10 11 12 |
---------------+-------------------------------------+-----
Polearms       | 5 6 7 8 10 12 14 16 17 | 17.0
Stealth        | 1 2 3 4 6 7 8 |  8.2
Armour         | 1 2 3 |  3.9
Fighting       | 3 4 5 7 8 9 |  9.9
Dodging        | 5 6 7 8 9 10 | 10.0
Throwing       | 3 4 |  4.8
Evocations     | 1 |  1.0

Action                   |  1- 3 |  4- 6 |  7- 9 | 10-12 || total
-------------------------+-------+-------+-------+-------++-------
Melee: Trident           |   122 |   190 |   459 |   223 ||   994
       Tailslap          |       |    18 |     7 |       ||    25
       Scythe            |       |       |    63 |    53 ||   116
       Glaive            |       |       |       |   366 ||   366
 Fire: Blowgun           |       |       |    35 |    32 ||    67
Throw: Throwing net      |       |     5 |     3 |     1 ||     9
Evoke: Wand              |       |     6 |       |     2 ||     8
  Use: Potion            |       |     3 |     7 |     8 ||    18
       Scroll            |       |       |    10 |     7 ||    17
 Stab: Sleeping          |     2 |     2 |    11 |    16 ||    31
       Held in net/web   |       |     1 |     1 |       ||     2
       Distracted        |       |       |     2 |     6 ||     8
       Paralysed         |       |       |     6 |    11 ||    17
  Eat: Chunk             |       |     8 |    12 |       ||    20
       Fruit             |       |       |     3 |     2 ||     5
       Beef jerky        |       |       |     1 |     3 ||     4
       Royal jelly       |       |       |     1 |       ||     1
       Bread ration      |       |       |       |     2 ||     2
Armor: Leather armour    |    30 |    46 |    75 |   122 ||   273
       Skin              |       |       |       |    14 ||    14
       Robe              |       |       |       |     6 ||     6
Dodge: Dodged            |   108 |   234 |   348 |   443 ||  1133
